 Dungeon Crawl Stone Soup version 0.30.0-19-g36f170ea60 (webtiles) character file.

Game seed: 7421238388888437463

7749 Peloso the Carver (level 11, -2/99 HPs)
             Began as a Minotaur Fighter on May 27, 2023.
             Was a Follower of Okawaru.
             Hit by a large rock thrown by a cyclops (5 damage)
             ... on level 10 of the Dungeon.
             The game lasted 00:26:11 (10048 turns).

Peloso the Carver (Minotaur Fighter)               Turns: 10048, Time: 00:26:12

Health: -2/99      AC: 16    Str: 23    XL:     11   Next: 0%
Magic:  10/10      EV:  8    Int:  5    God:    Okawaru [*.....]
Gold:   541        SH: 10    Dex: 12    Spells: 10/10 levels left

rFire   . . .        a - +1 long sword
rCold   . . .        d - +0 buckler
rNeg    . . .        c - +0 plate armour
rPois   .            (helmet restricted)
rElec   .            (no cloak)
rCorr   .            (no gloves)
SInv    .            I - +0 pair of boots
Will    +....        k - amulet of reflection Stlth
                     E - ring of willpower
HPRegen 0.36/turn    (no ring)
MPRegen 0.12/turn

%: reflection
@: no status effects
A: horns 2, retaliatory headbutt
a: Renounce Religion, Heroism


You were on level 10 of the Dungeon.
You worshipped Okawaru.
Okawaru was aware of your devotion.
You visited 2 branches of the dungeon, and saw 11 of its levels.
You also visited: Sewer.

You collected 541 gold pieces.

Inventory:

Hand Weapons
 a - a +1 long sword (weapon)
Missiles
 B - 2 throwing nets (quivered)
Armour
 b - a +0 scale mail
 c - a +0 plate armour (worn)
 d - a +0 buckler (worn)
 I - a +0 pair of boots (worn)
Jewellery
 k - an amulet of reflection (around neck)
 s - an amulet of guardian spirit
 A - a ring of fire
 E - a ring of willpower (left hand)
Wands
 g - a wand of paralysis (12)
 o - a wand of polymorph (12)
 G - a wand of quicksilver (2)
 H - a wand of flame (3)
Scrolls
 e - 2 scrolls of acquirement
 l - 2 scrolls of teleportation
 q - 2 scrolls of immolation
 u - 2 scrolls of enchant weapon
 v - a scroll of brand weapon
 w - 2 scrolls of fear
 x - 2 scrolls of enchant armour
 y - a scroll of fog
 F - a scroll of magic mapping
Potions
 h - 3 potions of curing
 i - 2 potions of invisibility
 j - 2 potions of magic
 m - 3 potions of flight
 n - 3 potions of mutation
 p - 2 potions of might
 r - a potion of resistance
 z - 2 potions of brilliance
 D - 3 potions of haste {unknown}


   Skills:
 + Level 10.0 Fighting
 + Level 12.5 Long Blades
 + Level 0.1 Throwing
 + Level 10.3 Armour
 + Level 2.7 Dodging
 + Level 3.5 Stealth
 + Level 7.5 Shields
 + Level 0.5 Evocations


You had 10 spell levels left.
You didn't know any spells.
Your spell library contained the following spells:

 Spells                   Type           Power      Damage    Failure   Level
 Dazzling Flash           Conj/Hex       0%         N/A       100%        3
 Volatile Blastmotes      Fire/Tloc      0%         2d10      100%        3
 Iskenderun's Mystic Bla  Conj/Tloc      0%         2d3       100%        4
 Starburst                Conj/Fire      0%         6d3       100%        6
 Summon Small Mammal      Summ           Unusable   N/A       N/A         1
 Call Canine Familiar     Summ           Unusable   N/A       N/A         3
 Summon Guardian Golem    Hex/Summ       Unusable   N/A       N/A         3

Dungeon Overview and Level Annotations

Branches:
Dungeon (10/15)            Temple (1/1) D:7            Lair (0/5) D:9
  Sewer (visited)
    Orc: D:9-12

Altars:
Ashenzari
Cheibriados
Dithmenos
Elyvilon
Fedhas
Gozag
Hepliaklqana
Kikubaaqudgha
Makhleb
Nemelex Xobeh
Okawaru
Qazlal
Ru
Sif Muna
Trog
Uskayaw
Vehumet
Wu Jian
Xom
Yredelemnul
Zin
The Shining One

Shops:
D:2 =   D:4 *   D:8 =

Portals:
Bailey: D:10

Annotations:
D:3 2 transporters, Rello's ghost, amateur DrVM
D:10 2 runed translucent doors


Innate Abilities, Weirdness & Mutations

You have a pair of horns on your head.
You reflexively headbutt those who attack you in melee.


Message History

You hit the steam dragon but do no damage.
The steam dragon is heavily wounded.
You are engulfed in a cloud of scalding steam.
* * * LOW HITPOINT WARNING * * *
You slash the steam dragon!
The steam dragon is almost dead.
You are engulfed in a cloud of scalding steam.
* * * LOW HITPOINT WARNING * * *
You block the steam dragon's attack.
The steam dragon claws you but does no damage.
You slash the steam dragon!
You kill the steam dragon!
Okawaru accepts your kill.
The steam dragon scales are intact enough to wear.
You are engulfed in a cloud of scalding steam.
You have reached level 11!
Things that are here:
+0 steam dragon scales; a steam dragon corpse Really walk into that cloud of steam? [Y]es or [N]o only, please.
Really walk into that cloud of steam? [Y]es or [N]o only, please.
Really walk into that cloud of steam? [Y]es or [N]o only, please.
Really walk into that cloud of steam?
Okay, then.
You hear the creaking of a distant portcullis.
Found an escape hatch in the ceiling.
There is an escape hatch in the ceiling here.
Found a scroll of teleportation.
Found 15 gold pieces.
Found a scroll of teleportation.
Found 6 gold pieces.
Found a flagged portal.
Found a runed translucent gate.
A cyclops comes into view.
The great orb of eyes turns its gaze towards you.
The cyclops throws a large rock.
The large rock hits you!!
* * * LOW HITPOINT WARNING * * *
You see here 15 gold pieces.
The cyclops throws a large rock.
The large rock hits you.
You die...

...C.......+..
∩..$.8......+.
.....C......#
............##
..8.........###
............?..
#?.........#
##...$......#
+@...........
#............
#............
#.#+##.......
#.# ....... #.#
#...... #<#
...... #.#
##+#+ #.# #


You could see a cyclops.

Vanquished Creatures
  Erolcha (D:9)
  A two-headed ogre (D:9)
  Maggie (D:8)
  2 trolls
  Prince Ribbit (D:9)
  2 wyverns
  13 yaks
  Grum (D:8)
  2 steam dragons
  2 acid dragons (D:10)
  2 water moccasins
  An orc warrior (D:6)
  Duvessa (D:7)
  A black bear (D:7)
  An ice beast (D:6)
  2 wolves (D:8)
  2 centaurs
  A phantom (D:7)
  2 kobold brigands (D:9)
  2 bullfrogs
  A gnoll sergeant (D:5)
  A scorpion (D:5)
  3 wights (D:8)
  Dowan (D:7)
  A killer bee (D:9)
  2 howler monkeys (D:7)
  6 jellies
  6 orc priests
  7 hounds
  2 gnoll boudas
  2 sleepcaps
  An iguana (D:6)
  5 orc wizards
  14 gnolls
  11 adders
  2 river rats (Sewer)
  2 shadow imps
  3 white imps
  An ufetubus (D:5)
  2 worms (D:2)
  31 orcs
  11 ball pythons
  17 endoplasms
  10 giant cockroaches
  7 goblins
  4 hobgoblins
  4 jackals (D:1)
  12 kobolds
  A quokka (D:1)
  3 bats
  8 frilled lizards
  6 rats
228 creatures vanquished.

Vanquished Creatures (others)
  A goblin (D:1)
1 creature vanquished.

Grand Total: 229 creatures vanquished

Notes
Turn   | Place    | Note
-------+----------+-------------------------------------------
     0 | D:1      | Peloso the Minotaur Fighter began the quest for the Orb.
     0 | D:1      | Reached XP level 1. HP: 19/19 MP: 0/0
   158 | D:1      | Reached XP level 2. HP: 21/27 MP: 1/1
   689 | D:1      | Reached XP level 3. HP: 32/33 MP: 2/2
  1039 | D:2      | Found Koenicau's Jewellery Boutique.
  1600 | D:3      | Reached skill level 3 in Long Blades
  1695 | D:3      | Found a transporter.
  1708 | D:3      | Noticed Rello's ghost (amateur DrVM)
  1910 | D:3      | Found a sacrificial altar of Ru.
  1941 | D:3      | Reached XP level 4. HP: 40/40 MP: 3/3
  1942 | D:3      | Found a faded altar of an unknown god.
  2108 | D:3      | Found a transporter.
  2790 | D:4      | Found Gozag's Platinum Reserve.
  2792 | D:4      | Found an opulent altar of Gozag.
  2862 | D:4      | Reached skill level 4 in Long Blades
  2874 | D:4      | Reached XP level 5. HP: 34/46 MP: 4/4
  3250 | D:5      | Entered Level 5 of the Dungeon
  3264 | D:5      | Reached skill level 5 in Armour
  3301 | D:5      | Reached XP level 6. HP: 22/53 MP: 5/5
  3344 | D:5      | Reached skill level 5 in Long Blades
  3408 | D:5      | Reached skill level 5 in Fighting
  3522 | D:5      | Reached XP level 7. HP: 49/61 MP: 6/6
  3555 | D:5      | Found a radiant altar of Vehumet.
  3663 | D:5      | Found a glowing drain.
  3704 | Sewer    | Entered a sewer
  4060 | Sewer    | Found a shimmering altar of Xom.
  4172 | Sewer    | Reached skill level 6 in Long Blades
  4450 | D:5      | Reached skill level 5 in Shields
  4459 | D:5      | Reached skill level 1 in Stealth
  4873 | D:6      | Reached XP level 8. HP: 67/70 MP: 7/7
  5022 | D:6      | Reached skill level 7 in Long Blades
  5036 | D:6      | Reached skill level 1 in Dodging
  5348 | D:6      | Found a basalt altar of Yredelemnul.
  5839 | D:6      | Found a white marble altar of Elyvilon.
  5896 | D:7      | Reached skill level 8 in Long Blades
  6108 | D:7      | Found a staircase to the Ecumenical Temple.
  6119 | Temple   | Entered the Ecumenical Temple
  6229 | D:7      | Found a broken altar of Ashenzari.
  6229 | D:7      | Noticed Duvessa
  6229 | D:7      | Noticed Dowan
  6251 | D:7      | Killed Duvessa
  6255 | D:7      | Killed Dowan
  6283 | D:7      | HP: 3/73 [gnoll/+0 spear[a gnoll bouda] (5)]
  6621 | D:7      | Reached XP level 9. HP: 79/79 MP: 8/8
  6624 | D:7      | Reached skill level 9 in Long Blades
  6842 | D:7      | Noticed a +0 dagger
  6843 | D:7      | Noticed a +0 short sword
  6844 | D:7      | Noticed a +0 spear
  6844 | D:7      | Noticed a +0 dagger
  6844 | D:7      | Noticed a +0 falchion
  6844 | D:7      | Noticed a +0 falchion
  6844 | D:7      | Noticed a +0 short sword
  6846 | D:7      | Noticed a +0 spear
  6984 | D:7      | Found a hide-covered altar of Uskayaw.
  7277 | D:8      | Found Hehiumuff's Jewellery Boutique.
  7287 | D:8      | Noticed Maggie
  7304 | D:8      | Killed Maggie
  7541 | D:8      | Found a blossoming altar of Fedhas.
  7924 | D:8      | Found an ornate altar of the Wu Jian Council.
  7933 | D:8      | Reached skill level 10 in Long Blades
  7957 | D:8      | Found a shimmering altar of Xom.
  8264 | D:9      | Noticed Grum
  8280 | D:8      | Killed Grum
  8476 | D:8      | Reached skill level 11 in Long Blades
  8657 | D:9      | Noticed Erolcha
  8673 | D:9      | Killed Erolcha
  8674 | D:9      | Reached skill level 10 in Armour
  8674 | D:9      | Reached XP level 10. HP: 86/90 MP: 9/9
  9026 | D:9      | Found a staircase to the Lair.
  9026 | D:9      | Noticed a two-headed ogre
  9038 | D:9      | Killed a two-headed ogre
  9076 | D:9      | Reached skill level 12 in Long Blades
  9172 | D:9      | Identified the +0 scale mail "Neuremae" {rF+ rN+ Int-5
                  | Dex+2}
  9335 | D:9      | Found a shadowy altar of Dithmenos.
  9415 | D:9      | Found an iron altar of Okawaru.
  9422 | D:9      | Became a worshipper of Warmaster Okawaru
  9543 | D:9      | Noticed Prince Ribbit
  9570 | D:9      | Killed Prince Ribbit
  9725 | D:9      | Found a glowing silver altar of Zin.
  9854 | D:10     | Entered Level 10 of the Dungeon
  9855 | D:10     | Identified 2 scrolls of acquirement
  9881 | D:10     | Reached skill level 10 in Fighting
  9976 | D:10     | Reached * piety under Okawaru
  9993 | D:10     | Reached XP level 11. HP: 17/99 MP: 10/10
 10043 | D:10     | Found a runed translucent gate.
 10043 | D:10     | Found a flagged portal.
 10044 | D:10     | Found a runed translucent gate.
 10044 | D:10     | Noticed a great orb of eyes
 10044 | D:10     | HP: 2/99 [cyclops/large rock (34)]
 10048 | D:10     | Hit by a large rock thrown by a cyclops

Illustrated notes

Levels and vault maps discovered:
D:1:      dpeg_arrival_rooms_b, layout_loops_ring, lemuel_flame_loot_1
D:2:      layout_basic, serial_shops, nicolae_shop_peninsula
D:3:      layout_loops_corners, mainiacjoe_overflow_catwalk,
          gammafunk_ghost_arena, shapermc_ecumenical_altar_acropolis,
          nicolae_hexahallways, st_stairs_10, dk_vineyard_2
D:4:      layout_loops_cross, nicolae_gozag_zags_fifth_avenue
D:5:      layout_cave_pods, fiery_altar_vehumet, gup_sewer_entry_glass
D:6:      layout_loops_ring, kennysheep_ying_yang
D:7:      layout_loops_cross, cheibrodos_ashenzari_chains,
          nicolae_uskayaw_en_pointe, minmay_temple_entry_offerings, uniq_duvessa
D:8:      layout_loops_cross, mainiacjoe_overflow_boulevard,
          nicolae_overflow_crystal_walls, mainiacjoe_overflow_surrounded_room,
          serial_bayou_pond_a, nicolae_stop_n_shop_2, hangedman_decor_push,
          uniq_maggie
D:9:      layout_loops_cross, zin_statuary, amethyst_overflow_temple_binary,
          lair_entry_dummy, minmay_misc_feat_roman, st_stairs_5,
          chequers_avenue, uniq_erolcha, uniq_prince_ribbit1, uniq_grum
D:10:     layout_basic, enter_bailey_6, gammafunk_ghost_ooze, serial_shops,
          shop, nicolae_take_the_stairs, uniq_psyche, uniq_erica
Temple:   nicolae_temple_cloud_nine

Skill      XL: |  1  2  3  4  5  6  7  8  9 10 |
---------------+-------------------------------+-----
Shields        | 4 5 6 7 |  7.5
Armour         | 4 5 6 7 8 10 | 10.3
Long Blades    | 3 4 5 6 8 11 12 | 12.5
Fighting       | 4 5 6 7 8 10 | 10.0
Stealth        | 1 2 3 |  3.5
Dodging        | 1 2 |  2.7
Throwing       | |  0.1
Evocations     | |  0.5

Action                     |  1- 3 |  4- 6 |  7- 9 | 10-12 || total
---------------------------+-------+-------+-------+-------++-------
  Melee: Long sword        |   127 |   124 |   438 |   156 ||   845
         Headbutt          |    18 |    28 |    97 |    43 ||   186
         Punch             |       |       |     2 |       ||     2
  Throw: Throwing net      |       |       |       |     1 ||     1
  Evoke: Wand              |       |     1 |     4 |       ||     5
    Use: Scroll            |       |    10 |    10 |     4 ||    24
         Potion            |       |     3 |     2 |     1 ||     6
   Stab: Paralysed         |       |       |     8 |       ||     8
 Armour: Scale mail        |    39 |       |       |       ||    39
         Plate armour      |    30 |    84 |   232 |    51 ||   397
  Dodge: Dodged            |    50 |    52 |   122 |    35 ||   259
  Block: Buckler           |    37 |       |       |    56 ||    93
         Other             |    10 |    29 |    89 |     2 ||   130
         Reflection        |       |       |     1 |     3 ||     4
